 Dungeon Crawl Stone Soup version 0.24.0-10-g970556be89 (webtiles) character file.

Game seed: 575127450459075248, levelgen mode: deterministic

72 Noname the Skirmisher (level 4, -5/73 HPs)
             Began as an Ogre Berserker on Nov 3, 2019.
             Was a Follower of Trog.
             Splashed by a jelly's acid (9 damage)
             ... on level 2 of the Dungeon.
             The game lasted 00:02:30 (1750 turns).

Noname the Skirmisher (Ogre Berserker)              Turns: 1750, Time: 00:02:30

Health: -5/73      AC: -1    Str: 26    XL:     4   Next: 25%
Magic:  4/4        EV: 10    Int:  8    God:    Trog [*.....]
Gold:   72         SH:  0    Dex:  9    Spells: 3/3 levels left

rFire    . . .     SeeInvis .   a - +0 mace
rCold    . . .     Gourm    .   (no shield)
rNeg     . . .     Faith    .   b - +0 animal skin
rPois    .         Spirit   .   (helmet restricted)
rElec    .         Reflect  .   (no cloak)
rCorr    .         Harm     .   (gloves unavailable)
MR       .....                  (boots unavailable)
Stlth    ..........             (no amulet)
HPRegen  0.22/turn              (no ring)
MPRegen  0.09/turn              (no ring)

@: berserking, corroded, very quick
A: large, unfitting armour, tough skin 1
a: Berserk, Renounce Religion


You were on level 2 of the Dungeon.
You worshipped Trog.
Trog was aware of your devotion.
You were not hungry.

You visited 1 branch of the dungeon, and saw 2 of its levels.

You collected 72 gold pieces.

Inventory:

Hand Weapons
 a - a +0 mace (weapon)
Missiles
 c - a throwing net {!f =f}
 d - 58 stones (quivered)
 g - 2 boomerangs
Armour
 b - a +0 animal skin (worn)
Jewellery
 f - an uncursed ring of see invisible {unknown}
 i - an uncursed ring of ice {unknown}
Scrolls
 h - a scroll of enchant armour {unknown}
 k - a scroll of identify {unknown}
Potions
 e - a potion of agility {unknown}
 j - a potion of heal wounds {unknown}


   Skills:
 + Level 4.7 Fighting
 * Level 3.7 Maces & Flails
 + Level 3.2 Dodging


You had 3 spell levels left.
You didn't know any spells.
Your spell library was empty.

Dungeon Overview and Level Annotations

Branches:
Dungeon (2/15)

Altars:


Innate Abilities, Weirdness & Mutations

You are too large for most types of armour.
You have tough skin. (AC +1)


Message History

The jelly hits you.
You are splashed with acid!
The jelly hits you.
You are splashed with acid!
You take 23 damage, and have 20/49 hp.
MASSIVE DAMAGE!!
You are too injured to fight recklessly!
You're too hungry.
You hit the jelly.
Your hands burn!
The jelly is moderately wounded.
The jelly barely misses you.
You take 5 damage, and have 15/49 hp.
You eat the ration.
That ration really hit the spot!
The jelly hits you.
* * * LOW HITPOINT WARNING * * *
The acid corrodes you!
You are splashed with acid!
* * * LOW HITPOINT WARNING * * *
You take 11 damage, and have 4/49 hp.
MASSIVE DAMAGE!!
A red film seems to cover your vision as you go berserk!
You feel yourself moving faster!
You feel mighty!
You feel a lot more hungry. The jelly hits you.
* * * LOW HITPOINT WARNING * * *
You are splashed with acid!
You die...

. .## .# ... ...#
#.# .#.# ##.###.#.#
........# .
#.##.#..####
....#####.##....>..#
#...J@........#
#..#########..#### #
#.....#.# ##.##.#.#
#......# #.##.###
#..#.# ##....#
#.....#


You could see a jelly.

Vanquished Creatures
  2 gnolls (D:2)
  2 adders (D:2)
  A dart slug (D:1)
  2 leopard geckos (D:1)
  3 bats
  2 giant cockroaches
  A goblin (D:2)
  5 hobgoblins
  4 jackals (D:1)
  A frilled lizard (D:1)
  2 kobolds (D:1)
  4 rats (D:1)
29 creatures vanquished.

Notes
Turn   | Place    | Note
-------+----------+-------------------------------------------
     0 | D:1      | Noname the Ogre Berserker began the quest for the Orb.
     0 | D:1      | Reached XP level 1. HP: 24/24 MP: 1/1
   115 | D:1      | Reached XP level 2. HP: 29/32 MP: 2/2
   799 | D:1      | Reached XP level 3. HP: 40/40 MP: 3/3
  1596 | D:2      | Reached XP level 4. HP: 49/49 MP: 4/4
  1750 | D:2      | Splashed by a jelly's acid

Levels and vault maps discovered:
D:1:      evilmike_arrival_rings, layout_basic, serial_bayou_pond_c,
          nrook_uturn, due_unseen_surprise
D:2:      layout_loops_cross, serial_bayou_pond_d, uniq_natasha, uniq_sigmund

Skill      XL: |  1  2  3 |
---------------+----------+-----
Maces & Flails | 3 |  3.7
Dodging        | 3 |  3.2
Fighting       | |  4.7

Action                   |  1- 3 |  4- 6 || total
-------------------------+-------+-------++-------
Melee: Mace              |    98 |     9 ||   107
Throw: Stone             |    12 |       ||    12
Invok: Berserk           |     7 |     1 ||     8
 Stab: Sleeping          |     1 |       ||     1
  Eat: Chunk             |     5 |       ||     5
       Ration            |     1 |     1 ||     2
Armor: Animal skin       |    40 |       ||    40
Dodge: Dodged            |    48 |     5 ||    53
